Map: Ruines de Seras

Players

Worming - Winner!

  • Race: Zerg Zerg
  • League: Diamond

Niconaze

  • Race: Protoss Protoss
  • League: Gold

VOD

Have the link to the VOD?

Description

Time

  • Played on: Dec. 10, 2015, 11:52 a.m.
  • Length: 14:03
Show
View Real Time Build Order
Export as new Build Order

Worming Zerg - Winner!

Build Orders: Hatch First, Lurkers 

Get SALT Encoding   

  12  0:01  Drone  
  13  0:12  Overlord  
  13  0:20  Drone  
  14  0:31  Drone x2  
  17  0:35  Drone  
  17  0:57  Drone  
  18  0:58  Hatchery  
  18  0:59  Extractor  
  18  1:02  Drone  
  17  1:18  Spawning Pool  
  16  1:20  Drone  
  16  1:25  Drone  
  18  1:31  Drone  
  19  1:39  Drone  
  20  1:50  Overlord  
  20  2:08  Queen  
  20  2:09  Zergling x2  
  20  2:10  Queen  
  20  2:11  Metabolic Boost  
  20  2:15  Zergling x2  
  26  2:17  Zergling x2  
  26  2:22  Drone  
  28  2:24  Drone  
  29  2:34  Drone  
  29  2:35  Drone  
  31  2:43  Drone  
  32  2:52  Overlord  
  32  2:57  Overlord  
  32  2:58  Drone  
  33  3:09  Zergling x2  
  33  3:10  Zergling x2  
  35  3:13  Hatchery  
  34  3:20  Drone x5  
  38  3:28  Zergling x6  
  40  3:38  Drone x2  
  42  3:41  Queen x2  
  46  4:00  Extractor x2  
  46  4:01  Drone x3  
  47  4:05  Roach Warren  
  47  4:08  Evolution Chamber  
  47  4:09  Evolution Chamber  
  44  4:28  Drone x6  
  44  4:29  Drone x3  
  52  4:39  Zerg Missile Weapons Level 1, Zerg Ground Armor Level 1  
  52  4:43  Drone x5  
  52  4:44  Extractor  
  56  4:55  Drone  
  56  4:56  Overlord x3  
  55  5:09  Lair  
  55  5:11  Drone  
  55  5:12  Drone x2  
  58  5:15  Drone x3  
  58  5:16  Drone x3  
  64  5:32  Overlord x2  
  64  5:37  Roach x4  
  72  6:00  Extractor  
  72  6:01  Drone x3  
  72  6:02  Drone x3, Extractor  
  72  6:03  Drone x3  
  79  6:10  Glial Reconstitution  
  78  6:19  Roach x5  
  78  6:20  Overlord  
  78  6:21  Overlord x2  
  88  6:35  Zerg Missile Weapons Level 2, Zerg Ground Armor Level 2  
  88  6:37  Zergling x2  
  88  6:38  Overlord  
  88  6:39  Overlord x2  
  89  6:45  Roach x8  
  105  6:51  Queen, Hatchery  
  106  7:06  Hydralisk Den, Spire  
  106  7:07  Drone x2  
  106  7:11  Zergling x12  
  106  7:12  Infestation Pit  
  111  7:37  Zergling x10  
  111  7:38  Zergling x10  
  120  7:45  Ravager x4  
  120  7:46  Ravager x4  
  120  7:51  Extractor  
  127  7:52  Drone  
  127  7:53  Drone x2  
  127  7:55  Extractor  
  129  8:02  Overlord x3  
  129  8:04  Hive  
  129  8:09  Roach x4  
  129  8:10  Roach  
  139  8:15  Muscular Augments  
  103  8:30  Roach  
  103  8:31  Roach x6  
  114  8:36  Hatchery  
  114  8:40  Drone  
  114  8:41  Drone x2  
  116  8:49  Drone  
  116  8:51  Drone x3  
  116  8:55  Zerg Melee Weapons Level 1  
  120  9:01  Ravager x9, Evolution Chamber  
  129  9:02  Zergling x2  
  129  9:03  Zergling x14  
  136  9:10  Hydralisk x2  
  136  9:11  Zergling x2  
  122  9:32  Zergling x2, Roach x9  
  122  9:33  Zergling x2  
  140  9:48  Zergling x2  
  140  9:51  Greater Spire  
  140  9:52  Zerg Missile Weapons Level 3, Zerg Ground Armor Level 3  
  141  9:57  Ravager x2  
  141  9:59  Drone x6  
  148  10:02  Drone  
  148  10:03  Drone  
  125  10:22  Drone x5  
  125  10:27  Adrenal Glands  
  130  10:33  Ultralisk Cavern  
  122  10:42  Zergling x24, Roach x5  
  138  10:43  Zergling x2  
  138  10:49  Lurker Den  
  137  10:54  Roach x5  
  147  11:03  Queen  
  149  11:15  Zerg Melee Weapons Level 2  
  149  11:21  Drone x3, Extractor  
  149  11:23  Drone x2, Extractor  
  149  11:25  Drone x3  
  155  11:26  Zergling x2  
  155  11:27  Chitinous Plating  
  155  11:28  Hydralisk  
  155  11:29  Roach x2, Hydralisk  
  155  11:31  Overlord x5  
  164  11:47  Roach x4  
  159  12:04  Ravager x12  
  167  12:09  Ultralisk  
  167  12:10  Zergling x14, Ultralisk x3  
  167  12:11  Zergling x2  
  199  12:36  Hatchery  
  175  12:50  Ultralisk x2  
  165  13:03  Lurker  
  165  13:04  Lurker x3  
  169  13:05  Zergling x2  
  169  13:06  Zergling x14, Roach x4  
  169  13:07  Roach x7  
  196  13:53  Spine Crawler  
Show
View Real Time Build Order
Export as new Build Order

Niconaze Protoss 

Build Orders: 1 Gate Expand 

Get SALT Encoding   

  12  0:06  Probe (Chrono Boost)  
  13  0:16  Probe (Chrono Boost)  
  14  0:23  Pylon  
  14  0:27  Probe (Chrono Boost)  
  15  0:41  Probe (Chrono Boost)  
  16  0:45  Gateway  
  16  0:52  Probe (Chrono Boost)  
  16  0:55  Assimilator  
  17  1:02  Probe (Chrono Boost)  
  18  1:13  Probe (Chrono Boost)  
  19  1:23  Probe (Chrono Boost)  
  20  1:32  Nexus  
  20  1:39  Pylon  
  20  1:42  Probe (Chrono Boost)  
  21  1:53  Cybernetics Core  
  21  2:00  Assimilator  
  21  2:02  Probe (Chrono Boost)  
  22  2:12  Probe (Chrono Boost)  
  23  2:22  Gateway  
  23  2:23  Probe (Chrono Boost)  
  23  2:29  Warp Gate (Chrono Boost)  
  24  2:30  Adept  
  24  2:33  Probe (Chrono Boost)  
  29  2:44  Mothership Core (Chrono Boost)  
  29  2:53  Probe (Chrono Boost)  
  29  2:54  Pylon  
  30  3:01  Adept  
  30  3:02  Probe (Chrono Boost)  
  30  3:04  Probe (Chrono Boost)  
  34  3:14  Probe (Chrono Boost)  
  34  3:15  Probe (Chrono Boost)  
  34  3:18  Adept  
  38  3:25  Probe x2 (Chrono Boost)  
  39  3:35  Probe (Chrono Boost)  
  39  3:37  Probe (Chrono Boost)  
  39  3:41  Assimilator  
  41  3:46  Probe  
  41  3:47  Probe  
  43  3:50  Pylon  
  43  3:59  Probe  
  43  4:00  Robotics Facility  
  43  4:01  Probe  
  45  4:03  Assimilator  
  45  4:08  Sentry x2  
  49  4:10  Probe  
  49  4:13  Probe  
  51  4:20  Probe  
  50  4:25  Probe  
  50  4:31  Probe  
  49  4:37  Probe  
  51  4:41  Probe  
  52  4:57  Probe  
  52  4:58  Probe  
  48  5:07  Gateway  
  48  5:08  Gateway  
  48  5:12  Gateway  
  48  5:16  Robotics Bay  
  48  5:18  Pylon  
  48  5:20  Observer  
  49  5:22  Pylon  
  49  5:26  Pylon  
  49  5:29  Stalker x2  
  53  5:51  Probe  
  53  5:52  Probe (Chrono Boost)  
  55  6:05  Nexus  
  55  6:06  Disruptor  
  55  6:07  Pylon  
  55  6:09  Zealot x3  
  55  6:10  Stalker  
  55  6:11  Stalker  
  68  6:30  Adept x3  
  68  6:31  Probe (Chrono Boost)  
  68  6:32  Probe (Chrono Boost)  
  76  6:42  Probe x2 (Chrono Boost)  
  76  6:46  Pylon x2  
  78  6:52  Probe (Chrono Boost), Stalker x3  
  78  6:53  Probe (Chrono Boost), Zealot x2  
  90  7:03  Probe x2 (Chrono Boost)  
  90  7:05  Forge  
  90  7:07  Pylon, Forge  
  92  7:08  Pylon  
  92  7:10  Assimilator  
  92  7:13  Probe (Chrono Boost)  
  92  7:14  Probe (Chrono Boost)  
  94  7:17  Disruptor  
  94  7:19  Probe (Chrono Boost)  
  98  7:23  Stalker  
  98  7:24  Probe x2 (Chrono Boost), Assimilator, Zealot  
  98  7:28  Gravitic Drive  
  104  7:37  Protoss Ground Weapons Level 1 (Chrono Boost)  
  104  7:40  Protoss Ground Armor Level 1 (Chrono Boost)  
  104  7:46  Adept x4  
  104  7:47  Adept  
  114  7:52  Disruptor  
  117  8:11  Nexus  
  117  8:13  Gateway, Pylon  
  117  8:15  Gateway  
  117  8:16  Pylon  
  117  8:18  Gateway  
  112  8:31  Zealot  
  112  8:33  Stalker x4  
  120  8:37  Disruptor  
  120  8:40  Probe  
  124  9:01  Probe  
  125  9:05  Observer Gravitic Boosters  
  125  9:08  Stalker x3  
  125  9:09  Stalker x2  
  135  9:12  Warp Prism  
  85  9:40  Stalker x4  
  85  9:41  Stalker x4  
  101  9:45  Probe  
  101  9:46  Probe  
  101  9:47  Probe x2  
  101  10:02  Disruptor  
  101  10:23  Mothership Core  
  101  10:33  Photon Cannon  
  93  10:37  Assimilator  
  93  10:38  Disruptor  
  83  10:47  Stalker x3  
  83  10:48  Stalker x5  
  88  11:12  Probe  
  88  11:13  Probe  
  88  11:14  Probe  
  88  11:16  Stalker x4  
  88  11:17  Stalker x4  
  107  11:33  Nexus  
  107  11:34  Twilight Council  
  107  11:36  Pylon  
  107  11:39  Pylon  
  107  11:41  Photon Cannon  
  107  11:42  Photon Cannon  
  107  11:45  Photon Cannon  
  107  11:48  Photon Cannon  
  106  12:03  Adept x4  
  106  12:04  Adept, Zealot x3  
  106  12:07  Disruptor  
  125  12:31  Stalker x4  
  125  12:32  Stalker x2  
  133  12:48  Stalker  
  133  12:50  Assimilator  
  109  13:03  Stalker x3  
  109  13:04  Probe x2, Adept x4  
  121  13:05  Probe  
  121  13:06  Probe  
  125  13:14  Pylon  
  125  13:15  Adept, Pylon  
  127  13:25  Disruptor  
  130  13:27  Zealot x2  
  130  13:28  Zealot  
  126  13:52  Stalker  
  126  13:53  Stalker x3  
  126  13:54  Stalker  
Tags
 
Add a new tag
Caveats
  • Supply blocks, unpowered buildings, or Contaminate may cause inaccurate times.
  • Supply counts are checked every 10 seconds.